 Dungeon Crawl Stone Soup version 0.30.1-11-g7821555f0a (webtiles) character file.

Game seed: 1461934859990278770

14002 lonewolfV2 the Unflinching (level 11, -3/94 HPs)
             Began as a Minotaur Fighter on Nov 14, 2023.
             Was a Believer of the Shining One.
             Slain by a manticore (12 damage)
             ... on level 12 of the Dungeon.
             The game lasted 00:15:26 (10999 turns).

lonewolfV2 the Unflinching (Minotaur Fighter)      Turns: 10999, Time: 00:15:26

Health: -3/94      AC: 25    Str: 24    XL:     11   Next: 83%
Magic:  16/18      EV:  8    Int:  5    God:    the Shining One [**....]
Gold:   594        SH: 28    Dex: 11    Spells: 10/10 levels left

rFire   . . .        a - +0 war axe (heavy)
rCold   . . .        i - +3 tower shield
rNeg    + . .        x - +4 plate armour
rPois   .            (helmet restricted)
rElec   .            C - +0 cloak
rCorr   .            m - +0 pair of gloves
SInv    .            (no boots)
Will    +....        (no amulet) Stlth
                     j - ring of willpower
HPRegen 0.35/turn    o - +4 ring of protection
MPRegen 0.16/turn

%: no passive effects
@: divinely shielded, glowing
A: horns 2, retaliatory headbutt
a: Renounce Religion, Divine Shield


You were on level 12 of the Dungeon.
You worshipped the Shining One.
The Shining One was pleased with you.
You visited 2 branches of the dungeon, and saw 13 of its levels.

You collected 594 gold pieces.

Inventory:

Hand Weapons
 a - a +0 heavy war axe (weapon)
Missiles
 p - 3 throwing nets (quivered)
Armour
 b - a +0 scale mail
 i - a +3 tower shield (worn)
 m - a +0 pair of gloves (worn)
 x - a +4 plate armour (worn)
 C - a +0 cloak (worn)
Jewellery
 j - a ring of willpower (left hand)
 l - a ring of ice
 n - a +6 ring of intelligence
 o - a +4 ring of protection (right hand)
 q - an amulet of magic regeneration
 u - a ring of fire
 B - a ring of positive energy
 F - a ring of willpower
Wands
 f - a wand of iceblast (13)
 h - a wand of flame (16)
 E - a wand of light (7)
 G - a wand of paralysis (14)
Scrolls
 e - 9 scrolls of teleportation
 y - 4 scrolls of identify
 z - a scroll of fear
 D - a scroll of magic mapping
 H - 3 scrolls of amnesia
 I - a scroll of brand weapon
 J - a scroll of enchant armour
Potions
 c - 2 potions of haste
 d - a potion of might
 g - a potion of berserk rage
 k - 5 potions of curing
 r - 2 potions of attraction
 s - a potion of cancellation
 t - a potion of brilliance
 v - 2 potions of mutation
 w - 4 potions of degeneration
 A - a potion of lignification


   Skills:
 - Level 8.3 Fighting
 - Level 8.1 Axes
 - Level 10.2 Armour
 - Level 8.0 Dodging
 - Level 10.2 Shields
 * Level 10.8 Invocations


You had 10 spell levels left.
You didn't know any spells.
Your spell library contained the following spells:

 Spells                   Type           Power      Damage    Failure   Level
 Apportation              Tloc           0%         N/A       100%        1
 Necrotise                Necr           0%         1d4       100%        1
 Slow                     Hex            0%         N/A       100%        1
 Summon Small Mammal      Summ           0%         N/A       100%        1
 Call Canine Familiar     Summ           0%         N/A       100%        3
 Confusing Touch          Hex            0%         N/A       100%        3
 Hailstorm                Conj/Ice       0%         3d3       100%        3
 Portal Projectile        Hex/Tloc       0%         N/A       100%        3
 Vampiric Draining        Necr           0%         2d6       100%        3
 Ice Form                 Ice/Tmut       0%         N/A       100%        4
 Leda's Liquefaction      Hex/Erth       0%         N/A       100%        4
 Simulacrum               Ice/Necr       0%         N/A       100%        6


Dungeon Overview and Level Annotations

Branches:
Dungeon (12/15)            Temple (1/1) D:7            Lair (0/5) D:9
    Orc (0/2) D:9

Altars:
Ashenzari
Cheibriados
Dithmenos
Elyvilon
Fedhas
Gozag
Hepliaklqana
Kikubaaqudgha
Makhleb
Nemelex Xobeh
Okawaru
Qazlal
Ru
Sif Muna
Trog
Uskayaw
Vehumet
Wu Jian
Xom
Yredelemnul
Zin
The Shining One

Shops:
D:1 =   D:10 :


Innate Abilities, Weirdness & Mutations

You have a pair of horns on your head.
You reflexively headbutt those who attack you in melee.


Message History

You are poisoned.
The wolf spider poisons you!
The boulder beetle leaps!
The orc warrior hits you but does no damage.
You slice the wolf spider!! You headbutt the wolf spider.
The wolf spider is almost dead.
You slice the orc warrior!!
You kill the orc warrior!
You feel extremely sick. You block the wolf spider's attack.
The wolf spider bites you! You block the wolf spider's attack.
The wolf spider bites you but does no damage.
The wolf spider barely misses you.
The wolf spider bites you but does no damage.
A manticore comes into view.
You block the wraith's attack.
You slash the wolf spider!
You kill the wolf spider!
You hit the wraith.
You feel extremely sick. You block the wraith's attack.
You feel very sick. The manticore bites you.
* * * LOW HITPOINT WARNING * * *
The manticore claws you but does no damage.
You block the manticore's attack. You block the wraith's attack.
You barely miss the manticore. You barely miss the wraith.
You feel very sick. The manticore barely misses you.
You block the manticore's attack. The manticore claws you.
* * * LOW HITPOINT WARNING * * *
A troll comes into view.
You block the wraith's attack. x2
The manticore bites you but does no damage.
The manticore claws you.
* * * LOW HITPOINT WARNING * * *
The manticore claws you but does no damage.
You feel better.
The troll shouts!
You hear an angry buzzing noise.
The manticore bites you!
You die...

##....#.......##.#
...).#$.###..# .#
#..#...?...# .#
#.........# .#
##†........ #
##..###......
##.#.....#.......
#.....)..#.......#
##..W@)..# ....
#..#.H#### ###
#..####B .... ..
... ##. . .. .T #.


You could see a boulder beetle, a manticore, a troll and a wraith.

Vanquished Creatures
  A two-headed ogre (D:11)
  A death knight (D:11)
  A deep elf pyromancer (D:7)
  A wolf spider (D:12)
  2 manticores
  2 cyclopes
  An ugly thing (D:12)
  A gargoyle (D:12)
  2 unseen horrors
  Psyche (D:10)
  2 komodo dragons
  A tengu conjurer (D:12)
  A yaktaur (D:12)
  A troll (D:11)
  A hornet (D:7)
  4 shadows
  A wyvern (D:8)
  A vampire (D:11)
  11 yaks
  2 wraiths
  An acid dragon (D:12)
  2 steam dragons
  A water moccasin (D:7)
  5 orc warriors
  An ice beast (D:6)
  4 ogres
  2 black bears
  3 sky beasts
  5 centaurs
  A phantom (D:7)
  4 bullfrogs
  2 kobold brigands (D:9)
  3 scorpions
  3 wights (D:9)
  16 killer bees (D:8)
  2 howler monkeys (D:9)
  A jelly (D:8)
  4 hounds
  2 orc priests
  3 gnoll boudas
  2 sleepcaps
  Terence (D:3)
  9 orc wizards
  2 iguanas
  14 gnolls
  7 adders
  2 shadow imps
  An ufetubus (D:5)
  A worm (D:3)
  2 dart slugs
  26 orcs
  5 ball pythons
  10 endoplasms
  5 giant cockroaches
  3 goblins
  2 hobgoblins (D:4)
  4 jackals (D:2)
  5 quokkas
  5 bats
  4 frilled lizards
  17 kobolds
  6 rats
236 creatures vanquished.

Notes
Turn   | Place    | Note
-------+----------+-------------------------------------------
     0 | D:1      | lonewolfV2 the Minotaur Fighter began the quest for the
                  | Orb.
     0 | D:1      | Reached XP level 1. HP: 19/19 MP: 0/0
    79 | D:1      | Reached skill level 1 in Dodging
   127 | D:1      | Reached XP level 2. HP: 27/27 MP: 1/1
   369 | D:1      | Found Huttelup's Jewellery Shop.
   650 | D:1      | Reached XP level 3. HP: 31/33 MP: 2/2
  1142 | D:2      | Reached XP level 4. HP: 38/41 MP: 3/3
  1631 | D:3      | Identified the +3 barding "Etun" {-Tele rPois Will++
                  | Stlth+}
  1888 | D:3      | Noticed Terence
  1900 | D:3      | Killed Terence
  1901 | D:3      | Reached XP level 5. HP: 37/47 MP: 4/4
  1903 | D:3      | Reached skill level 5 in Fighting
  2538 | D:4      | Noticed a black bear
  2541 | D:4      | Killed a black bear
  2542 | D:4      | Reached skill level 5 in Dodging
  2542 | D:4      | Reached XP level 6. HP: 50/56 MP: 5/5
  3522 | D:5      | Entered Level 5 of the Dungeon
  3566 | D:5      | Noticed a sky beast
  3594 | D:5      | Killed a sky beast
  3619 | D:5      | Reached XP level 7. HP: 64/64 MP: 6/6
  3623 | D:5      | Found a sparkling altar of Nemelex Xobeh.
  3870 | D:5      | Found a burning altar of Makhleb.
  3871 | D:5      | Found a radiant altar of Vehumet.
  3871 | D:5      | Found a sacrificial altar of Ru.
  4083 | D:6      | Reached XP level 8. HP: 54/74 MP: 7/7
  4311 | D:6      | Reached skill level 5 in Armour
  4311 | D:6      | Reached skill level 5 in Shields
  4945 | D:7      | Found a staircase to the Ecumenical Temple.
  4954 | Temple   | Entered the Ecumenical Temple
  5084 | Temple   | Became a worshipper of the Shining One
  5851 | D:7      | Noticed a hornet
  5859 | D:7      | Killed a hornet
  5860 | D:7      | Reached XP level 9. HP: 44/81 MP: 8/8
  6118 | D:7      | Noticed a deep elf pyromancer
  6124 | D:7      | Killed a deep elf pyromancer
  6125 | D:7      | Reached skill level 5 in Axes
  6914 | D:8      | Reached XP level 10. HP: 46/88 MP: 9/9
  7198 | D:8      | Found a bloodstained altar of Trog.
  7509 | D:8      | Reached * piety under the Shining One
  7588 | D:8      | Found a white marble altar of Elyvilon.
  7595 | D:8      | Found a basalt altar of Yredelemnul.
  7597 | D:8      | Found a snail-covered altar of Cheibriados.
  7598 | D:8      | Found a hide-covered altar of Uskayaw.
  7688 | D:8      | Found a glowing silver altar of Zin.
  8464 | D:9      | Found a blossoming altar of Fedhas.
  8504 | D:9      | Reached skill level 10 in Shields
  8548 | D:9      | Found a staircase to the Lair.
  8631 | D:9      | Found a staircase to the Orcish Mines.
  8637 | D:9      | Reached skill level 10 in Armour
  8722 | D:9      | Found a hazy altar of Hepliaklqana.
  8726 | D:9      | Found a shadowy altar of Dithmenos.
  9163 | D:10     | Entered Level 10 of the Dungeon
  9163 | D:10     | Found Luergh's Book Boutique.
  9173 | D:10     | Reached skill level 1 in Invocations
  9380 | D:10     | Noticed Psyche
  9383 | D:10     | Killed Psyche
  9675 | D:11     | Noticed a cyclops
  9687 | D:11     | Killed a cyclops
  9688 | D:11     | Reached skill level 5 in Invocations
  9688 | D:11     | Reached XP level 11. HP: 94/94 MP: 13/13
  9756 | D:11     | Reached ** piety under the Shining One
  9888 | D:11     | Noticed a death knight
  9897 | D:11     | Killed a death knight
 10028 | D:11     | Noticed a two-headed ogre
 10035 | D:11     | Killed a two-headed ogre
 10878 | D:12     | Noticed a red ugly thing
 10886 | D:12     | Killed a red ugly thing
 10985 | D:12     | Reached skill level 10 in Invocations
 10986 | D:12     | Noticed a wolf spider
 10991 | D:12     | Noticed a boulder beetle
 10996 | D:12     | Killed a wolf spider
 10998 | D:12     | HP: 4/94 [manticore (5)]
 10999 | D:12     | Slain by a manticore

Illustrated notes

Levels and vault maps discovered:
D:1:      moated_graveyard_arrival, layout_loops_corners, serial_shops,
          nicolae_shop_trees
D:2:      layout_loops_ring
D:3:      layout_loops_ring, uniq_terence
D:4:      nicolae_cairo_tiling_large, layout_loops_corners
D:5:      layout_gridville, gammafunk_temple_overflow_claw,
          nemelex_dance_club_becter
D:6:      layout_rooms
D:7:      layout_loops_ring, minmay_temple_entry_junction_2,
          guppyfry_early_elven_hall
D:8:      layout_basic, bloody_trog, kennysheep_little_box,
          mainiacjoe_overflow_alcove_3, minmay_hedge_maze,
          corexii_hall_statues_l, chequers_serial_rivers_micro_e,
          grunt_ogre_cave
D:9:      layout_loops_ring, riverfiend_overflow_shadow_ancestor,
          lemuel_crystal_altar, david_lair_shrubbed, kennysheep_potato
D:10:     layout_big_octagon, serial_shops, nicolae_shop_window_shopping,
          minivault_11, uniq_psyche
D:11:     layout_basic
D:12:     minmay_expanding_squares, layout_stronghold,
          minmay_fractal_squares_gapless_5
Temple:   compressed_dpeg_triangle_lava_temple

Skill      XL: |  1  2  3  4  5  6  7  8  9 10 11 |
---------------+----------------------------------+-----
Dodging        | 1 2 3 4 5 6 7 8 |  8.0
Fighting       | 4 5 6 8 |  8.3
Armour         | 6 7 10 | 10.2
Shields        | 6 8 10 | 10.2
Axes           | 3 8 |  8.1
Invocations    | 5 10 | 10.8

Action                     |  1- 3 |  4- 6 |  7- 9 | 10-12 || total
---------------------------+-------+-------+-------+-------++-------
  Melee: War axe           |    84 |   125 |   232 |   214 ||   655
         Headbutt          |    10 |    18 |    40 |    76 ||   144
 Invoke: Divine Shield     |       |       |       |     2 ||     2
    Use: Scroll            |     5 |     9 |    10 |     6 ||    30
         Potion            |       |       |     4 |     1 ||     5
 Armour: Scale mail        |    41 |    67 |     7 |       ||   115
         Plate armour      |       |       |   167 |   136 ||   303
  Dodge: Dodged            |    53 |    35 |    81 |    62 ||   231
  Block: Buckler           |    10 |       |       |       ||    10
         Tower shield      |    22 |   100 |   294 |   280 ||   696
